 Dungeon Crawl Stone Soup version 0.27-a0-1555-g0e7b3fb1d2 (webtiles) character file.

Game seed: 10445781403159926531

91 bande the Shield-Bearer (level 4, -5/29 HPs)
             Began as a Gargoyle Fighter on July 14, 2021.
             Slain by Sigmund (7 damage)
             ... on level 2 of the Dungeon.
             The game lasted 00:03:23 (2130 turns).

bande the Shield-Bearer (Gargoyle Fighter)          Turns: 2130, Time: 00:03:23

Health: -5/29      AC: 10    Str: 19    XL:     4   Next: 59%
Magic:  4/4        EV:  7    Int:  9    God:
Gold:   85         SH:  9    Dex: 10    Spells: 3/3 levels left

rFire    . . .     SeeInvis .   a - +0 war axe
rCold    . . .     Faith    .   c - +0 kite shield
rNeg     + . .     Spirit   .   b - +0 scale mail
rPois    ∞         Reflect  .   (no helmet)
rElec    +         Harm     .   (no cloak)
rCorr    .         Rampage  .   (no gloves)
Will     .....                  (no boots)
Stlth    ..........             (no amulet)
HPRegen  0.09/turn              (no ring)
MPRegen  0.09/turn              (no ring)

@: no status effects
A: sickness immunity, AC +3, negative energy resistance 1, electricity
resistance, torment resistance 1, petrification resistance
a: no special abilities


You were on level 2 of the Dungeon.
You visited 1 branch of the dungeon, and saw 3 of its levels.

You collected 85 gold pieces.

Inventory:

Hand Weapons
 a - a +0 war axe (weapon)
Missiles
 h - 6 curare-tipped darts (quivered)
Armour
 b - a +0 scale mail (worn)
 c - a +0 kite shield (worn)
Scrolls
 i - a scroll of blinking
Potions
 d - a potion of might
 g - a potion of curing


   Skills:
 + Level 3.7 Fighting
 + Level 2.6 Axes
 + Level 4.0 Armour
 + Level 0.6 Dodging
 + Level 4.0 Shields


You had 3 spell levels left.
You didn't know any spells.
Your spell library contained the following spells:

 Spells                   Type           Power      Damage    Failure   Level
 Foxfire                  Conj/Fire      0%         2x1d4     99%         1
 Conjure Flame            Conj/Fire      0%         6-21      100%        3
 Inner Flame              Hex/Fire       0%         N/A       100%        3


Dungeon Overview and Level Annotations

Branches:
Dungeon (3/15)

Altars:

Shops:
D:2 ?

Annotations:
D:2 Sigmund


Innate Abilities, Weirdness & Mutations

You are immune to sickness and miasma.
Your stone body is resilient. (AC +3)
You are immune to poison.
You resist negative energy. (rN+)
You are resistant to electric shocks. (rElec)
You are resistant to unholy torment.
You are immune to petrification.


Message History

You block Sigmund's attack.
The gnoll hits you from afar with a +0 spear.
You closely miss Sigmund.
Sigmund is moderately wounded.
Sigmund zaps a wand.
You block the puff of flame. The gnoll barely misses you.
You block Sigmund's attack. The gnoll hits you but does no damage.
You hit Sigmund.
Sigmund is heavily wounded.
You block Sigmund's attack.
The gnoll hits you from afar with a +0 spear.
You barely miss Sigmund.
Sigmund is heavily wounded.
Sigmund barely misses you. You block the gnoll's attack.
Sigmund hits you but does no damage. The gnoll barely misses you.
You closely miss Sigmund.
Sigmund is heavily wounded.
You block Sigmund's attack. You block the gnoll's attack.
Sigmund hits you with a +0 scythe.
You slash Sigmund!
Sigmund is severely wounded.
The gnoll hits you from afar with a +0 spear.
Sigmund drinks a potion.
Sigmund is healed!
You block the gnoll's attack.
Your scale mail prevents you from hitting Sigmund.
Sigmund is heavily wounded.
Sigmund closely misses you.
The gnoll hits you from afar with a +0 spear.
Sigmund mumbles some strange words.
Sigmund flickers and vanishes!
Deactivating autopickup; reactivate with Ctrl-A.
The gnoll barely misses you. Something completely misses you.
You block the gnoll's attack.
You climb upwards.
Reactivating autopickup.
There is a stone staircase leading down here.
Deactivating autopickup; reactivate with Ctrl-A.
You closely miss something. Something hits you but does no damage.
You miss something. Something hits you! x2
* * * LOW HITPOINT WARNING * * *
You miss something. Something hits you!
You die...

#≈≈≈≈≈# #≈≈≈≈≈##
##≈≈≈≈≈# #≈≈≈≈≈#
##≈≈≈≈## #≈≈≈≈≈#
#≈≈≈≈≈# ##########
##≈≈≈≈# #....)@..#
#≈≈≈≈# #........#
#####≈≈≈≈# #........#
#...≈≈≈≈≈# #####.####
#...≈≈≈≈≈# #.#
#...≈≈≈≈## #.##
#..≈≈≈≈≈###
#####..######..≈≈≈≈≈#..
#........<..#..≈≈≈≈.#.#
#...#...##..88≈≈≈≈≈88..


There were no monsters in sight!

Vanquished Creatures
  2 gnolls
  3 adders
  2 dart slugs (D:2)
  5 ball pythons (D:1)
  3 endoplasms (D:2)
  3 giant cockroaches (D:2)
  6 jackals
  4 quokkas (D:1)
  2 bats
  2 frilled lizards
  A goblin (D:2)
  4 kobolds
  5 rats
42 creatures vanquished.

Notes
Turn   | Place    | Note
-------+----------+-------------------------------------------
     0 | D:1      | bande the Gargoyle Fighter began the quest for the Orb.
     0 | D:1      | Reached XP level 1. HP: 14/14 MP: 1/1
    16 | D:1      | Noticed a floating eye
    19 | D:1      | Noticed a great orb of eyes
    21 | D:1      | Found a faded altar of an unknown god.
    23 | D:1      | Noticed a floating eye
    27 | D:1      | Noticed a floating eye
   269 | D:1      | Reached XP level 2. HP: 19/19 MP: 2/2
   750 | D:2      | Reached XP level 3. HP: 21/23 MP: 3/3
  1339 | D:2      | Found Syinn's Magic Scroll Shoppe.
  1466 | D:2      | Reached XP level 4. HP: 26/29 MP: 4/4
  1676 | D:3      | Noticed Sigmund
  2130 | D:2      | Slain by Sigmund

Illustrated notes

Levels and vault maps discovered:
D:1:      minmay_arrival_plants_in_alcoves, layout_loops_ring,
          hellmonk_ecumenical_altar_watching_god
D:2:      wander_river, layout_rooms, serial_shops,
          nicolae_shop_temple_entry_statues_fountains, minmay_misc_feat_doors,
          minmay_worlds_worst_comb
D:3:      kennysheep_slugbush, layout_basic, uniq_sigmund

Skill      XL: |  1  2  3  4 |
---------------+-------------+-----
Axes           | 2 |  2.6
Shields        | 4 |  4.0
Armour         | 4 |  4.0
Fighting       | |  3.7
Dodging        | |  0.6

Action                   |  1- 3 |  4- 6 || total
-------------------------+-------+-------++-------
Melee: War axe           |   112 |    31 ||   143
  Use: Potion            |     3 |     1 ||     4
       Scroll            |     2 |     2 ||     4
Armor: Scale mail        |    75 |    25 ||   100
Dodge: Dodged            |    35 |    20 ||    55
Block: Kite shield       |    58 |    20 ||    78

Table legend: (Time is in decaauts)
 A = Elapsed time spent in this place.
 B = Non-inter-level travel time spent in this place.
 C = Inter-level travel time spent in this place.
 D = Time resting spent in this place.
 E = Time spent auto-exploring this place.
 F = Levels seen in this place.
 G = Mean time per level.
                   A        B        C        D        E       F      G
               +--------+--------+--------+--------+--------+-----+--------+
         Total |   2228 |   2193 |     35 |    547 |   1201 |   3 |  742.7 |
       Dungeon |   2228 |   2193 |     35 |    547 |   1201 |   3 |  742.7 |
               +--------+--------+--------+--------+--------+-----+--------+

Top non-repeatable levels by time:
     D:2: 1401 daAuts
     D:1: 765 daAuts
     D:3: 61 daAuts
